AoeStats
← nor29

Arabia

510166826Analyzed
1v1 RM · 19h ago on Sep 29, 2026· 45m 50s· 2 players
Game mode
Random Map
Map size
Tiny (2 player)
Population
200
Speed
Normal
Resources
Standard
Victory
Conquest
Starting age
Dark Age
Ending age
Imperial Age
RankedLock teamsTeams togetherTeam positionsShared explorationLock speedFull tech treeHidden civsTurbo modeCheats
Victory
Defeat
🇵🇪 Slavs · Peru
729
+14
🇬🇧 Teutons · United Kingdom
687
-14
nor29
4:02 Loom
10:46 Feudal Age
11:37 Horse Collar
11:45 Double-Bit Axe
17:02 Bloodlines
22:08 Castle Age
23:19 Husbandry
23:59 Bow Saw
24:56 Heavy Plow
26:07 Wheelbarrow
28:03 Scale Barding Armor
28:32 Hand Cart
35:12 Imperial Age
34:41 Pikeman
36:09 Detinets
35:47 Heavy Scorpion
40:38 Chemistry
40:24 Ballistics
41:11 Cavalier
44:51 Chain Barding Armor
45:37 Chemistry
45:22 Crop Rotation
45:54 Two-Man Saw
TickTackToad
5:26 Loom
12:47 Feudal Age
13:56 Double-Bit Axe
16:42 Horse Collar
18:47 Gold Mining
20:23 Stone Mining
21:34 Wheelbarrow
25:37 Castle Age
24:17 Bloodlines
26:38 Hand Cart
26:35 Pikeman
29:18 Stone Shaft Mining
29:45 Bow Saw
Connection lost

Rejoining the realm…

Still unreachable

The connection could not be restored.

Session expired

The server has moved on; the page needs a fresh start.